 Dungeon Crawl Stone Soup version 0.19-a0-742-g4563caa (webtiles) character file.

75 Liquid the Cudgeler (level 4, -2/27 HPs)
             Began as a Gargoyle Gladiator on June 23, 2016.
             Was a Follower of Uskayaw.
             Slain by Natasha (3 damage)
             ... on level 3 of the Dungeon.
             The game lasted 00:03:27 (1840 turns).

Liquid the Cudgeler (Gargoyle Gladiator)            Turns: 1840, Time: 00:03:27

Health: -2/27      AC: 16    Str: 20    XL:     4   Next: 31%
Magic:  4/4        EV:  8    Int:  8    God:    Uskayaw [*.....]
Gold:   41         SH:  0    Dex: 10    Spells: 0 memorised, 3 levels left

rFire  . . .     SeeInvis .     a - +0 flail
rCold  . . .     Gourm    .     c - +0 chain mail
rNeg   + . .     Faith    .     (no shield)
rPois  ∞         Spirit   .     e - +0 helmet
rElec  +         Dismiss  .     (no cloak)
rCorr  +         Reflect  .     (no gloves)
SustAt .         Harm     .     (no boots)
MR     .....                    (no amulet)
Stlth  ..........               p - +3 ring of protection
                                g - ring of resist corrosion

@: not resistant to hostile enchantments, extremely unstealthy
A: negative energy resistance 1, electricity resistance, unbreathing,
petrification resistance, rot immunity, AC +3
a: Stomp, Renounce Religion


You were on level 3 of the Dungeon.
You worshipped Uskayaw.
Uskayaw was aware of your devotion.
You were not hungry.

You visited 1 branch of the dungeon, and saw 3 of its levels.

You collected 41 gold pieces.

Inventory:

Hand Weapons
 a - a +0 flail (weapon)
Missiles
 d - 3 throwing nets (quivered)
Armour
 b - a +0 shield
 c - a +0 chain mail (worn)
 e - a +0 helmet (worn)
 m - a +0 large shield
Jewellery
 g - a ring of resist corrosion (left hand)
 p - a +3 ring of protection (right hand)
Scrolls
 j - a scroll of fear {unknown}
 k - 3 scrolls of blinking {unknown}
 l - a scroll of teleportation {unknown}
 n - a scroll of identify {unknown}
Potions
 h - a potion of haste {unknown}
 i - a potion of brilliance {unknown}
Comestibles
 f - 3 bread rations
 o - 3 chunks of flesh


   Skills:
 + Level 2.9 Fighting
 * Level 3.9 Maces & Flails
 - Level 1.7 Throwing
 + Level 1.9 Armour
 + Level 2.7 Dodging


You had 3 spell levels left.
You didn't know any spells.

Dungeon Overview and Level Annotations

Branches:
Dungeon (3/15)

Altars:
Cheibriados
Hepliaklqana
Kikubaaqudgha
Qazlal
Ru
Uskayaw
Zin

Annotations:
D:3 Natasha


Innate Abilities, Weirdness & Mutations

You are resistant to torment.
Your stone body is resilient. (AC +3)
You are immune to poison.
You resist negative energy. (rN+)
You are resistant to electric shocks. (rElec)
You can survive without breathing.
You are immune to petrification.
You are immune to rotting.


Message History

You closely miss Natasha.
Natasha is heavily wounded.
Natasha claws you.
Unknown command.
Your chain mail prevents you from hitting Natasha.
Natasha is heavily wounded.
Natasha barely misses you.
Unknown command.
You miss Natasha.
Natasha is heavily wounded.
Natasha casts a spell at you. The magic dart hits you!
* * * LOW HITPOINT WARNING * * *
Unknown command.
You miss Natasha.
Natasha is heavily wounded.
Natasha claws you.
* * * LOW HITPOINT WARNING * * *
Natasha claws you.
You die...

..# #.. #... #./.###
#..h#_# ##..hbh# #.
#..###h#+### ..
#?.#..@#...# .#
#..#.......# .#
#..####...####.#
#...#......)#..#
#...#.......#..###...
#..###.......[.......
##. #######..#####..
# #..# #..#


You could see Natasha, 3 jackals and a bat.

Vanquished Creatures
  3 adders (D:2)
  2 worms
  A dart slug (D:1)
  A giant gecko (D:2)
  A ball python (D:2)
  3 giant cockroaches (D:2)
  7 goblins
  6 hobgoblins
  3 jackals (D:1)
  2 bats
  3 giant newts
  2 kobolds
  5 rats
39 creatures vanquished.

Notes
Turn   | Place    | Note
--------------------------------------------------------------
     0 | D:1      | Liquid the Gargoyle Gladiator began the quest for the Orb.
     0 | D:1      | Reached XP level 1. HP: 12/12 MP: 1/1
   162 | D:1      | Reached XP level 2. HP: 18/18 MP: 2/2
   763 | D:1      | Reached skill level 1 in Armour
   868 | D:2      | Reached XP level 3. HP: 6/22 MP: 3/3
  1373 | D:2      | Found a stormy altar of Qazlal.
  1375 | D:2      | Found a glowing silver altar of Zin.
  1379 | D:2      | Found a hide-covered altar of Uskayaw.
  1379 | D:2      | Found an ancient bone altar of Kikubaaqudgha.
  1379 | D:2      | Found a snail-covered altar of Cheibriados.
  1384 | D:2      | Found a hazy altar of Hepliaklqana.
  1391 | D:2      | Became a worshipper of Uskayaw the Reveler
  1493 | D:2      | Reached XP level 4. HP: 24/27 MP: 4/4
  1506 | D:2      | Reached * piety under Uskayaw
  1813 | D:3      | Reached ** piety under Uskayaw
  1826 | D:3      | Noticed Natasha
  1828 | D:3      | Found a sacrificial altar of Ru.
  1840 | D:3      | HP: 1/27 [Natasha (3)]
  1840 | D:3      | Slain by Natasha

Vault maps used:
D:1:      saegor_arrival_simple_c, hangedman_abyss_or_decor_lesser_grid,
          serial_bayou_crossing
D:2:      minitemple
D:3:      kennysheep_goblin_castle, nrook_loot_triangle, hangedman_ru_absence,
          uniq_natasha

Skill      XL: |  1  2 |
---------------+-------+-----
Armour         | 1 |  1.9
Fighting       | |  2.9
Maces & Flails | |  3.9
Throwing       | |  1.7
Dodging        | |  2.7

Action                   |  1- 3 |  4- 6 || total
-------------------------+-------+-------++-------
Melee: Flail             |   128 |    46 ||   174
  Eat: Chunk             |     2 |     1 ||     3
Armor: Chain mail        |    99 |    22 ||   121
Dodge: Dodged            |    55 |    20 ||    75
